 Dungeon Crawl Stone Soup version 0.29-a0-243-g602b31c20e (webtiles) character file.

Game seed: 8744298875600753239

395552 freelancePsychic the Warrior (level 23, -2/254 HPs)
             Began as an Ogre Transmuter on Mar 4, 2022.
             Was the Champion of Nemelex Xobeh.
             Slain by a shadow wraith (21 damage)
             ... on level 2 of the Crypt on Mar 5, 2022.
             The game lasted 02:12:19 (66784 turns).

freelancePsychic the Warrior (Ogre Transmuter)     Turns: 66784, Time: 02:12:19

Health: -2/254     AC:  8    Str: 20    XL:     23   Next: 19%
Magic:  14/35      EV: 16    Int: 23    God:    Nemelex Xobeh [******]
Gold:   1699       SH: 11    Dex: 11    Spells: 12/38 levels left

rFire   + . .      SeeInvis .     - Unarmed
rCold   + . .      Faith    .   h - +1 kite shield {reflect}
rNeg    + . .      Spirit   .   B - +2 robe {Archmagi}
rPois   .          Reflect  +   t - +2 hat
rElec   .          Harm     .   H - +0 cloak of Okawaru, Teaching {Fly rCorr Int+5 Slay+2}
rCorr   +          Rampage  .   (gloves unavailable)
Will    +++++      Archmagi +   (boots unavailable)
Stlth   .......... Clarity  +   s - amulet of the Four Winds {rN+ Will+++ Clar}
HPRegen 0.52/turn               I - +4 ring of evasion
MPRegen 0.24/turn               U - ring of protection from fire

@: silenced, flying, slightly contaminated, hasted and slowed
A: large, unfitting armour, tough skin 1, clumsy 1, cold resistance 1
}: 2/15 runes: serpentine, barnacled
a: Renounce Religion


You were on level 2 of the Crypt.
You worshipped Nemelex Xobeh.
Nemelex Xobeh was exalted by your worship.
You visited 9 branches of the dungeon, and saw 41 of its levels.
You visited 1 bazaar.
You also visited: Ice Cave and Wizlab.

You collected 6141 gold pieces.
You spent 4442 gold pieces at shops.

Inventory:

Hand Weapons
 a - the +9 lajatang "Beastbane" {venom, *Slow Str+3 SInv}
   (You acquired it on level 1 of the Dungeon)

   It poisons the flesh of those it strikes.
   Str:       It affects your strength (+3).
   SInv:      It lets you see invisible.
   *Slow:     It may slow you when you take damage.
 e - a +1 falchion of holy wrath
Missiles
 f - 3 throwing nets
Armour
 h - a +1 kite shield of reflection (worn)
 t - a +2 hat (worn)
 w - a +0 tower shield
 B - a +2 robe of the Archmagi (worn)
 H - the +0 cloak of Okawaru, Teaching (worn) {Fly rCorr Int+5 Slay+2}
   (You bought it in a shop on level 4 of the Vaults)

   Int:       It affects your intelligence (+5).
   Slay:      It affects your accuracy & damage with ranged weapons and melee
   (+2).
   Fly:       It grants you flight.
   rCorr:     It protects you from acid and corrosion.
 N - the +0 cloak "Fonucruh" {rC+ Will- Str+3 SInv}
   (You bought it in a shop in a bazaar)

   Str:       It affects your strength (+3).
   rC:        It protects you from cold.
   SInv:      It lets you see invisible.
   Will:      It decreases your willpower.
Jewellery
 s - the amulet of the Four Winds (around neck) {rN+ Will+++ Clar}
   (You bought it in a shop on level 2 of the Elven Halls)

   [amulet of nothing]

   rN:        It protects you from negative energy.
   Clar:      It protects you against confusion.
   Will:      It greatly increases your willpower.
 z - a ring of flight
 A - the amulet "Fiodwymn" {RegenMP Regen+ Str+4}
   (You took it off a deep elf master archer on level 3 of the Elven Halls)

   [amulet of magic regeneration]

   It increases your rate of magic regeneration.
   Str:       It affects your strength (+4).
   Regen:     It increases your rate of health regeneration.
 I - a +4 ring of evasion (left hand)
 O - the ring of Okanoi {Ice rElec rN+ Will+ Str-5 Stlth+}
   (You found it on level 1 of the Lair of Beasts)

   [ring of ice]

   It enhances your ice magic.
   Str:       It affects your strength (-5).
   rF:        It makes you vulnerable to fire.
   rC:        It protects you from cold.
   rElec:     It insulates you from electricity.
   rN:        It protects you from negative energy.
   Will:      It increases your willpower.
   Stlth:     It makes you more stealthy.
 U - a ring of protection from fire (right hand)
 V - the ring of the Prince of Darkness {rC+ Will+}
   (You found it on level 6 of the Lair of Beasts)

   [ring of willpower]

   rC:        It protects you from cold.
   Will:      It increases your willpower.
 X - a ring of wizardry
Wands
 b - a wand of digging (32)
 y - a wand of charming (16)
 D - a wand of iceblast (35)
 J - a wand of mindburst (6)
 K - a wand of flame (27)
 M - a wand of polymorph (19)
 S - a wand of acid (22)
 Z - a wand of paralysis (9)
Scrolls
 d - 11 scrolls of teleportation {@r4}
 g - 2 scrolls of summoning
 i - 2 scrolls of fear
 j - 7 scrolls of immolation
 k - 5 scrolls of noise
 l - 5 scrolls of blinking
 q - 9 scrolls of identify {@r1}
 v - 11 scrolls of vulnerability
 x - 6 scrolls of amnesia
 F - 5 scrolls of fog
 P - 5 scrolls of magic mapping
 R - 4 scrolls of enchant armour
 W - a scroll of holy word
 Y - a scroll of silence
Potions
 c - 10 potions of brilliance
 m - 4 potions of magic
 n - 3 potions of berserk rage
 o - 4 potions of degeneration
 p - 3 potions of ambrosia
 r - 11 potions of curing {@q1}
 u - 2 potions of lignification
 C - a potion of mutation
 E - 6 potions of invisibility
 G - 9 potions of haste {@q3}
 L - a potion of flight
 Q - 7 potions of might
 T - 6 potions of attraction


   Skills:
 - Level 20.0 Fighting
 - Level 9.0 Staves
 - Level 10.3 Dodging
 - Level 10.0 Shields
 * Level 19.7 Unarmed Combat
 - Level 8.1 Spellcasting
 - Level 8.0 Conjurations
 - Level 14.5 Transmutations
 - Level 3.8 Ice Magic
 - Level 13.2 Earth Magic
 - Level 1.1 Poison Magic
 + Level 15.2 Invocations


You had 12 spell levels left.
You knew the following spells:

 Your Spells              Type           Power      Damage    Failure   Level
a - Wereblood             Tmut           85%        N/A       1%          2
b - Frozen Ramparts       Ice            80%        1d10      8%          3
c - Statue Form           Tmut/Erth      55%        N/A       7%          6
d - Petrify               Tmut/Erth      83%        N/A       1%          4
e - Lee's Rapid Deconstr  Erth           40%        3d21*     1%          5
f - Beastly Appendage     Tmut           100%       N/A       1%          1
h - Irradiate             Conj/Tmut      37%        3d26      3%          5

Your spell library contained the following spells:

 Spells                   Type           Power      Damage    Failure   Level
 Magic Dart               Conj           100%       1d8       1%          1
 Sandblast                Erth           100%       2d20      1%          1
 Sting                    Tmut/Pois      100%       1d8       1%          1
 Passwall                 Tmut/Erth      69%        N/A       1%          2
 Searing Ray              Conj           100%       2d8       1%          2
 Spider Form              Tmut/Pois      61%        N/A       1%          3
 Stone Arrow              Conj/Erth      100%       3d13      1%          3
 Freeze                   Ice            100%       1d11      2%          1
 Shock                    Conj/Air       100%       1d9       2%          1
 Static Discharge         Conj/Air       41%        N/A       3%          2
 Ice Form                 Ice/Tmut       67%        N/A       3%          4
 Ignite Poison            Fire/Tmut/Pois 50%        N/A       4%          3
 Ensorcelled Hibernation  Hex/Ice        54%        N/A       9%          2
 Mephitic Cloud           Conj/Pois/Air  35%        N/A       11%         3
 Hailstorm                Conj/Ice       53%        3d12      11%         4
 Animate Skeleton         Necr           28%        N/A       13%         1
 Pain                     Necr           56%        1d6       13%         1
 Summon Small Mammal      Summ           56%        N/A       13%         1
 Iskenderun's Battlesphe  Conj           63%        2d11      13%         5
 Poisonous Vapours        Pois/Air       34%        N/A       16%         2
 Blink                    Tloc           28%        N/A       19%         2
 Sublimation of Blood     Necr           14%        N/A       19%         2
 Yara's Violent Unravell  Hex/Tmut       29%        3d12      19%         5
 Fulminant Prism          Conj/Hex       20%        3d13      24%         4
 Iskenderun's Mystic Bla  Conj/Tloc      41%        2d9       24%         4
 Sticky Flame             Conj/Fire      41%        2d6       24%         4
 Borgnjor's Vile Clutch   Necr/Erth      28%        N/A       24%         5
 Gell's Gravitas          Tloc           14%        N/A       36%         3
 Lesser Beckoning         Tloc           14%        N/A       36%         3
 Swiftness                Air            14%        N/A       36%         3
 Teleport Other           Tloc           14%        N/A       36%         3
 Tukima's Dance           Hex            14%        N/A       36%         3
 Vampiric Draining        Necr           14%        2d7       36%         3
 Summon Ice Beast         Ice/Summ       27%        N/A       50%         4
 Fireball                 Conj/Fire      20%        3d10      56%         5
 Freezing Cloud           Conj/Ice/Air   20%        6-21      56%         5
 Olgreb's Toxic Radiance  Pois           21%        N/A       63%         4
 Airstrike                Air            7%         N/A       77%         4
 Animate Dead             Necr           7%         N/A       77%         4
 Dispel Undead            Necr           14%        3d10      77%         4
 Passage of Golubria      Tloc           14%        N/A       77%         4
 Metabolic Englaciation   Hex/Ice        13%        N/A       85%         5
 Manifold Assault         Tloc           14%        N/A       98%         5
 Summon Mana Viper        Hex/Summ       14%        N/A       98%         5
 Conjure Ball Lightning   Conj/Air       20%        3x3d6     98%         6
 Orb of Destruction       Conj           31%        9d10      98%         7
 Death Channel            Necr           7%         N/A       100%        6
 Simulacrum               Ice/Necr       13%        N/A       100%        6
 Malign Gateway           Summ/Tloc      7%         N/A       100%        7
 Monstrous Menagerie      Summ           7%         N/A       100%        7
 Ozocubu's Refrigeration  Ice            20%        4d9       100%        7
 Summon Hydra             Summ           7%         N/A       100%        7
 Dragon's Call            Summ           7%         N/A       100%        9
 Polar Vortex             Ice            20%        N/A       100%        9


Dungeon Overview and Level Annotations

Branches:
Dungeon (15/15)            Temple (0/1) D:5            Lair (6/6) D:10
 Shoals (4/4) Lair:4        Snake (4/4) Lair:2        Slime (0/5) Lair:5
    Orc (2/2) D:9             Elf (3/3) Orc:2        Vaults (4/5) D:13
  Crypt (2/3) Vaults:3     Depths (1/4) D:15          IceCv (visited)
 WizLab (visited)

Altars:
Ashenzari
Cheibriados
Nemelex Xobeh
Okawaru
Ru
Sif Muna
Trog
Uskayaw
Vehumet
Wu Jian
Xom
Yredelemnul
Zin
The Shining One
Beogh
Jiyva

Shops:
D:6 [:*   D:7 *   Orc:2 [*=(   Elf:1 :   Elf:2 =   Shoals:1 **   Snake:2 :=:
Snake:3 [?(   Vaults:4 [

Annotations:
D:14 1 runed translucent door, Cecur's ghost, journeyman FoFi
D:15 Roxanne
Snake:4 3 runed translucent doors, Bisesk's ghost, adept GnMo
Elf:2 5 runed translucent doors
Elf:3 3 runed translucent doors


Innate Abilities, Weirdness & Mutations

You are too large for most types of armour.
You have tough skin. (AC +1)
You are clumsy. (Dex -2)
Your flesh is cold resistant. (rC+)


Message History

You feel yourself speed up.
You block the spectral spriggan defender's attack.
The spectral spriggan defender barely misses you.
You block something's attack.
The spectral spriggan defender hits you but does no damage.
You feel better.
You block the spectral spriggan defender's attack.
Something hits you!!
* * * LOW HITPOINT WARNING * * *
Something drains your vigour!
You feel as though you will be slow longer.
Casting: Irradiate (mildly dangerous; 3% risk of failure)
Confirm with . or Enter, or press ? or * to list all spells.
You feel a surge of power!
You erupt in a fountain of uncontrolled magic!
The spectral spriggan defender is blasted with magical radiation!!!
The spectral spriggan defender is severely damaged.
Something is blasted with magical radiation!!!
You are lightly contaminated with residual magic.
The spectral spriggan defender hits you.
* * * LOW HITPOINT WARNING * * *
Something hits you!!
* * * LOW HITPOINT WARNING * * *
Something drains your vigour!
You feel as though you will be slow longer.
The spectral spriggan defender misses you.
As you read the scroll of silence, it crumbles to dust.
A profound silence engulfs you.
The spectral spriggan defender closely misses you.
Something hits you.
* * * LOW HITPOINT WARNING * * *
Something drains your vigour!
You feel as though you will be slow longer.
You block the spectral spriggan defender's attack.
Magic scrolls do not work when you're silenced!
You cannot cast spells when silenced!
You cannot cast spells when silenced!
You feel better. Something hits you!!
You die...
Your body disappears without a glow.

##... ##...
###...≈ ≈≈≈≈≈
≈≈≈≈ #++ #.Z#
....##Z{##++#
.....#.@##..#
.....'...#..#
.....'...#..#
#.......#...#..#
#.......#......#
#.......####..##
#.......# #..#
#.......# #..#
##.......####''##


You could see a spectral spriggan defender and a dire elephant skeleton.

Vanquished Creatures
  A dread lich (Crypt:1)
  Xtahua (Vaults:2)
  A profane servitor (Crypt:1)
  Mlioglotl (Shoals:2)
  A lich (IceCv)
  3 deep elf master archers (Elf:3)
  The ghost of mandarbmax the Force of Nature, an adept DsVM of Fedhas (Shoals:4)
  A deep elf blademaster (Elf:3)
  Frances (Shoals:1)
  2 sphinxes (Vaults:4)
  Kirke (Lair:4)
  3 ancient champions
  3 tengu reavers
  Agnes (Snake:1)
  A fire giant (Vaults:4)
  5 nagarajas
  2 revenants
  17 vault wardens
  4 deep elf sorcerers (Elf:3)
  3 deep elf elementalists (Elf:3)
  An orc warlord (Orc:2)
  A curse skull (Crypt:1)
  8 ghouls
  A reaper (Crypt:2)
  2 stone giants
  A war gargoyle (Vaults:4)
  9 ironbound preservers
  13 very ugly things
  4 deep elf annihilators
  Nessos (Lair:4)
  5 vampire knights
  6 deep elf demonologists
  8 ironbound thunderhulks
  20 dire elephants
  A minotaur (Elf:3)
  A bunyip (Lair:3)
  The ghost of spaghetti the Blocker, a journeyman OpCK of Xom (D:13)
  3 ettins
  Snorg (D:12)
  4 deep elf death magi (Elf:3)
  6 merfolk impalers
  2 pearl dragon zombies (Crypt:1)
  2 crystal guardians (Vaults:2)
  5 merfolk javelineers (Shoals:4)
  An eidolon (Crypt:1)
  4 great orbs of eyes
  Josephine (Lair:4)
  Fannar (Orc:1)
  2 fire dragons
  3 yaktaur captains
  A great orb of eyes (shapeshifter) (Vaults:3)
  3 deep elf high priests (Elf:3)
  12 jiangshi
  The ghost of Ginusch the Spear-Bearer, a journeyman FoAK of Lugonu (D:11)
  8 naga warriors
  11 vault guards
  5 boulder beetles
  A quicksilver dragon skeleton (Crypt:2)
  A jorogumo (shapeshifter) (D:13)
  A salamander tyrant (Snake:3)
  13 hydras
  2 ogre magi
  A peacekeeper (Vaults:2)
  5 anacondas
  A merfolk avatar (Shoals:3)
  An anaconda (shapeshifter) (D:15)
  A catoblepas (Vaults:3)
  7 merfolk aquamancers
  8 ironbound frosthearts
  10 centaur warriors
  A radroach (Vaults:3)
  A fenstrider witch skeleton (Crypt:2)
  10 two-headed ogres
  3 death knights
  3 satyrs
  23 death yaks
  3 hell hogs (Crypt:1)
  6 naga sharpshooters
  2 tengu warriors (D:15)
  A vampire mage (Crypt:1)
  10 dancing weapons
  13 shock serpents
  Urug (Lair:3)
  2 orc high priests
  Amaemon (Lair:2)
  3 salamander mystics (Snake:4)
  11 deep elf knights
  11 skeletal warriors
  20 sea snakes
  2 shadow wraiths (Crypt:2)
  An entropy weaver zombie (Crypt:1)
  A flayed ghost (Crypt:1)
  24 deep trolls
  An obsidian statue (IceCv)
  2 glowing orange brains
  22 harpies
  14 wizards
  5 bog bodies (IceCv)
  A shadow dragon zombie (Crypt:1)
  7 naga ritualists
  4 lindwurms
  13 deep elf archers
  5 necromancers
  14 ironbound convokers
  26 deep elf pyromancers
  A wolf spider zombie (WizLab)
  2 orc knights (Orc:1)
  A spriggan simulacrum (IceCv)
  11 mana vipers
  26 ugly things
  7 fauns
  A shadow dragon skeleton (Crypt:2)
  4 orc sorcerers
  11 phantasmal warriors
  15 deep elf zephyrmancers
  A wolf spider (D:15)
  11 manticores
  A goliath frog skeleton (Crypt:1)
  4 cyclopes
  11 salamanders
  A moth of wrath (Lair:3)
  3 guardian serpents
  14 merfolk sirens
  4 apis skeletons (Crypt:1)
  35 elephants
  Maurice (D:12)
  31 black mambas
  6 water nymphs
  11 vault sentinels
  10 naga magi
  22 cane toads
  3 gargoyles
  A torpor snail (Lair:5)
  A dire elephant skeleton (Crypt:2)
  An orange demon (Lair:2)
  2 rime drakes
  2 demonic crawlers
  Maggie (D:6)
  30 yaktaurs
  5 komodo dragons
  19 freezing wraiths
  A kobold demonologist (D:12)
  3 tengu conjurers (D:15)
  2 efreet (Lair:6)
  An entropy weaver simulacrum (IceCv)
  An iron giant simulacrum (Crypt:2)
  4 anaconda simulacra (IceCv)
  3 ice devils (IceCv)
  A queen bee (Snake:2)
  6 trolls
  29 merfolk
  A hornet (shapeshifter) (D:13)
  A meliai (shapeshifter) (D:14)
  5 polar bears
  8 wind drakes
  A tarantella (Vaults:3)
  8 hornets (Lair:6)
  22 slime creatures
  A harpy skeleton (Crypt:2)
  2 dream sheep
  13 blink frogs
  11 snapping turtles
  A jumping spider (Orc:2)
  A culicivora zombie (Crypt:1)
  2 air elementals
  A fire dragon skeleton (Crypt:1)
  2 shadows
  3 culicivoras
  3 dire elephant simulacra (IceCv)
  14 wraiths
  A vampire (D:12)
  2 flying skulls (Crypt:2)
  14 spriggans (Lair:6)
  16 humans
  71 yaks
  A fire elemental (Elf:1)
  A chaos spawn (Lair:6)
  A fire bat (shapeshifter) (D:15)
  2 water elementals
  3 wyverns
  2 basilisks
  2 hogs (Lair:4)
  A steam dragon (D:7)
  10 vampire mosquitoes
  A basilisk (shapeshifter) (D:14)
  A minotaur simulacrum (IceCv)
  Menkaure (D:7)
  4 wargs
  A swamp worm (Lair:4)
  25 nagas
  2 nagas (shapeshifter)
  2 hydra simulacra (IceCv)
  12 water moccasins
  4 acid dragons
  14 two-headed ogre zombies (Orc:1)
  2 hell hounds (Lair:6)
  A sky beast (D:8)
  18 ogres
  25 orc warriors
  A swamp drake (Orc:2)
  9 black bears
  2 ettin simulacra (IceCv)
  4 boggarts (Lair:6)
  5 alligator simulacra (IceCv)
  17 centaurs
  21 wolves (Lair:6)
  A kobold brigand (D:9)
  15 bullfrogs
  A necrophage (Crypt:1)
  3 gnoll sergeants
  6 earth elementals
  A wyvern skeleton (Crypt:1)
  9 wights
  23 killer bees
  6 lindwurm simulacra (IceCv)
  2 electric eels
  4 howler monkeys
  4 jellies
  19 orc priests
  5 hounds
  3 gnoll shamans
  5 iguanas
  19 orc wizards
  10 hell rats (Lair:2)
  A scorpion zombie (Crypt:1)
  A sky beast zombie (Crypt:1)
  17 gnolls
  11 river rats
  10 adders
  A shadow imp (Lair:6)
  A white imp (D:7)
  3 ufetubi
  An iguana skeleton (Crypt:1)
  3 worms
  A dart slug (D:1)
  75 orcs
  3 bats
  4 endoplasms
  3 giant cockroaches
  9 goblins
  9 hobgoblins
  14 kobolds
  9 quokkas
  4 ball pythons
  6 frilled lizards
  A giant cockroach zombie (Crypt:2)
  14 rats
1628 creatures vanquished.

Vanquished Creatures (collateral kills)
  Sojobo (Vaults:2)
  Rupert (Lair:4)
  A revenant (WizLab)
  An anaconda (Snake:4)
  3 death yaks (D:10)
  A sea snake (Shoals:4)
  A salamander (Snake:4)
  A manticore (D:13)
  A merfolk siren (Shoals:4)
  2 naga magi (Snake:4)
  A water nymph (Shoals:4)
  The ghost of bande the Chopper, a novice GrFi (D:5)
  A harpy skeleton (Crypt:2)
  2 merfolk (Shoals:4)
  2 humans (D:13)
  A naga (Snake:4)
  An ogre (D:4)
  A scorpion (D:5)
  A howler monkey (D:13)
  A jelly (D:5)
  An orc wizard (D:4)
  An adder (D:4)
27 creatures vanquished.

Vanquished Creatures (others)
  A deep elf pyromancer (Elf:1)
  2 deep elf zephyrmancers
  A merfolk (Shoals:4)
  A blink frog (Lair:6)
  2 humans (Lair:4)
  An adder (D:6)
  A bush (Lair:3)
  97 fungi
  163 plants
269 creatures vanquished.

Grand Total: 1924 creatures vanquished

Notes
Turn   | Place    | Note
-------+----------+-------------------------------------------
     0 | D:1      | freelancePsychic the Ogre Transmuter began the quest for
                  | the Orb.
     0 | D:1      | Reached XP level 1. HP: 19/19 MP: 3/3
   120 | D:1      | Reached XP level 2. HP: 25/27 MP: 2/5
   429 | D:1      | Reached skill level 1 in Poison Magic
   457 | D:1      | Reached skill level 2 in Fighting
   499 | D:1      | Found a faded altar of an unknown god.
   528 | D:1      | Prayed at the altar of an unknown god.
   528 | D:1      | Became a worshipper of Nemelex Xobeh the Trickster
   528 | D:1      | Reached * piety under Nemelex Xobeh
   729 | D:1      | Identified 2 scrolls of acquirement
   729 | D:1      | Acquired the +9 lajatang "Beastbane" {venom, *Slow Str+3
                  | SInv}
   732 | D:1      | Acquired a book of Spatial Translocations
   750 | D:1      | Reached XP level 3. HP: 30/35 MP: 6/6
  1242 | D:2      | Reached skill level 1 in Staves
  1245 | D:2      | Received a gift from Nemelex Xobeh
  1458 | D:2      | Received a gift from Nemelex Xobeh
  1568 | D:2      | Reached XP level 4. HP: 22/44 MP: 7/7
  1817 | D:2      | Reached ** piety under Nemelex Xobeh
  1981 | D:3      | Reached skill level 1 in Invocations
  1990 | D:3      | Reached skill level 3 in Fighting
  2281 | D:3      | Found a shimmering blue altar of Sif Muna.
  2496 | D:3      | Reached XP level 5. HP: 53/53 MP: 8/8
  2705 | D:4      | Noticed an ogre
  2718 | D:4      | Killed an ogre
  2719 | D:4      | Reached XP level 6. HP: 19/62 MP: 9/9
  3002 | D:4      | Reached skill level 4 in Fighting
  3277 | D:4      | Reached XP level 7. HP: 65/71 MP: 10/10
  3336 | D:4      | Reached skill level 5 in Fighting
  3454 | D:4      | Reached skill level 5 in Staves
  3828 | D:5      | Entered Level 5 of the Dungeon
  3837 | D:5      | Noticed a two-headed ogre
  3847 | D:5      | Noticed bande's ghost (novice GrFi)
  3858 | D:5      | Found a runed translucent gate.
  3858 | D:5      | Found a runed translucent gate.
  3858 | D:5      | Found a runed translucent gate.
  4043 | D:5      | Reached XP level 8. HP: 83/83 MP: 11/11
  4145 | D:5      | Reached skill level 6 in Fighting
  4399 | D:5      | Found a broken altar of Ashenzari.
  4871 | D:5      | Found a staircase to the Ecumenical Temple.
  5186 | D:5      | Reached skill level 5 in Invocations
  5189 | D:5      | Killed a two-headed ogre
  5190 | D:5      | Reached skill level 7 in Fighting
  5190 | D:5      | Reached XP level 9. HP: 93/93 MP: 11/13
  5190 | D:5      | Killed bande's ghost
  5200 | D:5      | Identified the amulet of New Discoveries {Acrobat rElec
                  | Will+ Str+2}
  5283 | D:6      | Reached *** piety under Nemelex Xobeh
  5307 | D:6      | Reached skill level 8 in Fighting
  5736 | D:6      | Noticed Maggie
  5746 | D:6      | Killed Maggie
  5826 | D:6      | Found Naymaz's Antique Armour Boutique.
  5873 | D:6      | Found Oggisorph's Book Boutique.
  5906 | D:6      | Found a shimmering altar of Xom.
  6028 | D:6      | Found Jitixt's Assorted Antiques.
  6073 | D:6      | Bought a scroll labelled ISTULA HAIL MOUJE for 28 gold
                  | pieces
  6073 | D:6      | Bought a scroll of teleportation for 84 gold pieces
  6122 | D:6      | Received a gift from Nemelex Xobeh
  6445 | D:7      | Reached skill level 9 in Fighting
  6445 | D:7      | Reached skill level 1 in Earth Magic
  6528 | D:7      | Noticed Menkaure
  6529 | D:7      | Killed Menkaure
  6530 | D:7      | Reached XP level 10. HP: 107/107 MP: 15/15
  6536 | D:7      | Found Zin's Purification Station.
  6539 | D:7      | Found a glowing silver altar of Zin.
  6973 | D:8      | Found an ornate altar of the Wu Jian Council.
  6974 | D:8      | Found a basalt altar of Yredelemnul.
  6988 | D:8      | Noticed a two-headed ogre
  6992 | D:8      | Killed a two-headed ogre
  7237 | D:8      | Received a gift from Nemelex Xobeh
  7356 | D:8      | Acquired 868 gold pieces
  7409 | D:6      | Bought a book of Sloth for 504 gold pieces
  7409 | D:6      | Bought a book of Frost for 308 gold pieces
  7413 | D:6      | Learned a level 3 spell: Frozen Ramparts
  7420 | D:6      | Learned a level 6 spell: Statue Form
  7480 | D:8      | Found a glowing golden altar of the Shining One.
  7854 | D:8      | Found a sacrificial altar of Ru.
  7856 | D:8      | Found an iron altar of Okawaru.
  8069 | D:8      | Found a hide-covered altar of Uskayaw.
  8071 | D:8      | Found a bloodstained altar of Trog.
  8074 | D:8      | Found a snail-covered altar of Cheibriados.
  8097 | D:9      | Noticed a two-headed ogre
  8100 | D:9      | Killed a two-headed ogre
  8101 | D:9      | Reached skill level 10 in Fighting
  8302 | D:9      | Reached skill level 5 in Spellcasting
  8474 | D:9      | Found a staircase to the Orcish Mines.
  8519 | D:9      | Reached XP level 11. HP: 100/119 MP: 17/19
  8597 | D:9      | Reached skill level 1 in Ice Magic
  9089 | D:9      | Reached skill level 11 in Fighting
  9179 | D:9      | Reached **** piety under Nemelex Xobeh
  9564 | D:9      | Received a gift from Nemelex Xobeh
  9667 | D:10     | Entered Level 10 of the Dungeon
  9667 | D:10     | Noticed a death yak
  9670 | D:10     | Noticed a death yak
  9673 | D:10     | Killed a death yak
  9675 | D:10     | Noticed a death yak
  9676 | D:10     | Noticed a death yak
  9676 | D:10     | Noticed a death yak
  9677 | D:10     | Noticed a death yak
  9678 | D:10     | Noticed a death yak
  9678 | D:10     | Noticed a death yak
  9689 | D:9      | Killed a death yak
 10138 | D:10     | Reached skill level 5 in Transmutations
 10358 | D:10     | Noticed a death yak
 10358 | D:10     | Noticed a death yak
 10365 | D:10     | Found a staircase to the Lair.
 10371 | D:10     | Killed a death yak
 10372 | D:10     | Reached skill level 12 in Fighting
 10373 | D:10     | Killed a death yak
 10374 | D:10     | Killed a death yak
 10375 | D:10     | Reached skill level 5 in Earth Magic
 10378 | D:10     | Killed a death yak
 10386 | D:10     | Killed a death yak
 10389 | D:10     | Killed a death yak
 10405 | D:9      | Killed a death yak
 10406 | D:9      | Reached skill level 13 in Fighting
 10406 | D:9      | Reached XP level 12. HP: 57/136 MP: 20/20
 10756 | D:10     | Killed a death yak
 10999 | D:10     | Noticed a two-headed ogre
 11410 | D:10     | Noticed a two-headed ogre
 11417 | D:10     | Killed a two-headed ogre
 11546 | D:10     | Killed a two-headed ogre
 12725 | D:11     | Noticed a two-headed ogre
 12732 | D:11     | Killed a two-headed ogre
 12833 | D:11     | Noticed a two-headed ogre
 12870 | D:11     | Killed a two-headed ogre
 13059 | D:11     | Learned a level 5 spell: Irradiate
 13081 | D:11     | Received a gift from Nemelex Xobeh
 13258 | D:11     | You fall into a shaft and drop 3 floors!
 13340 | D:13     | Found a runed translucent gate.
 13341 | D:13     | Found a runed translucent gate.
 13342 | D:13     | Found a runed translucent gate.
 13344 | D:13     | Noticed spaghetti's ghost (journeyman OpCK)
 13345 | D:13     | Noticed a 12-headed hydra
 13417 | D:12     | Received a gift from Nemelex Xobeh
 13966 | D:13     | Noticed a centaur warrior
 14158 | D:13     | Reached XP level 13. HP: 76/145 MP: 18/21
 14295 | D:13     | Noticed a vault guard
 14340 | D:13     | Reached skill level 1 in Conjurations
 14789 | D:12     | Noticed Jorgrun
 14793 | D:12     | Noticed Jorgrun
 14793 | D:12     | Jorgrun changed into Jorgrun the death yak
 14800 | D:12     | Killed Jorgrun the death yak
 14839 | D:12     | Noticed Maurice
 14852 | D:12     | Learned a level 4 spell: Petrify
 14875 | D:12     | Killed Maurice
 15638 | D:12     | Received a gift from Nemelex Xobeh
 15638 | D:12     | Noticed Snorg
 16360 | D:12     | Killed Snorg
 16768 | D:11     | Reached ***** piety under Nemelex Xobeh
 16768 | D:11     | Received a gift from Nemelex Xobeh
 16782 | D:11     | Reached skill level 10 in Transmutations
 17399 | D:11     | Found a runed translucent door.
 17401 | D:11     | Noticed Ginusch's ghost (journeyman FoAK)
 17439 | Lair:1   | Entered Level 1 of the Lair of Beasts
 17805 | Lair:1   | Identified the ring of Okanoi {Ice rElec rN+ Will+ Str-5
                  | Stlth+}
 17925 | Lair:1   | Received a gift from Nemelex Xobeh
 18243 | Lair:1   | Reached skill level 5 in Conjurations
 18247 | Lair:1   | Reached skill level 10 in Earth Magic
 18560 | Lair:2   | Received a gift from Nemelex Xobeh
 18898 | Lair:2   | Reached XP level 14. HP: 154/154 MP: 23/23
 18935 | Lair:2   | Noticed Amaemon
 18950 | Lair:2   | Killed Amaemon
 19253 | Lair:2   | Received a gift from Nemelex Xobeh
 19961 | Lair:2   | Found a staircase to the Snake Pit.
 20443 | Lair:3   | Received a gift from Nemelex Xobeh
 20483 | Lair:3   | Noticed Urug
 20488 | Lair:3   | Identified the -2 hand axe of the Toadstool {vorpal, rPois
                  | Int+2}
 20497 | Lair:3   | Killed Urug
 20868 | Lair:3   | Received a gift from Nemelex Xobeh
 21336 | Lair:3   | Received a gift from Nemelex Xobeh
 21810 | Lair:4   | Noticed Nergalle
 21813 | Lair:4   | Noticed Nergalle
 21813 | Lair:4   | Nergalle changed into Nergalle the cyclops
 21910 | Lair:4   | Noticed Nessos
 21913 | Lair:4   | Killed Nergalle the cyclops
 21989 | Lair:4   | Noticed Kirke
 21990 | Lair:4   | Killed Nessos
 21998 | Lair:4   | Killed Kirke
 21999 | Lair:4   | Reached skill level 14 in Fighting
 22257 | Lair:4   | Received a gift from Nemelex Xobeh
 22267 | Lair:4   | Noticed Josephine
 22359 | Lair:4   | Killed Josephine
 22402 | Lair:4   | Noticed Rupert
 22631 | Lair:4   | Reached ****** piety under Nemelex Xobeh
 22631 | Lair:4   | Received a gift from Nemelex Xobeh
 22676 | Lair:4   | Reached skill level 5 in Unarmed Combat
 22676 | Lair:4   | Reached XP level 15. HP: 163/163 MP: 22/27
 22847 | Lair:4   | Found a staircase to the Shoals.
 22949 | Lair:4   | Killed Rupert
 23152 | Lair:5   | Found a staircase to the Slime Pits.
 23152 | Lair:5   | Found a viscous altar of Jiyva.
 23800 | Lair:5   | Received a gift from Nemelex Xobeh
 24006 | Lair:5   | Received a gift from Nemelex Xobeh
 24816 | Lair:6   | Entered Level 6 of the Lair of Beasts
 24881 | Lair:6   | Reached skill level 15 in Fighting
 24985 | Lair:6   | Received a gift from Nemelex Xobeh
 25036 | Lair:6   | Reached skill level 5 in Dodging
 25472 | Lair:6   | Received a gift from Nemelex Xobeh
 25660 | Lair:6   | Reached skill level 10 in Invocations
 25858 | Lair:6   | Reached XP level 16. HP: 162/176 MP: 28/28
 26519 | Lair:6   | Identified the ring of the Prince of Darkness {rC+ Will+}
 27495 | D:11     | Reached skill level 16 in Fighting
 28011 | D:11     | Killed Ginusch's ghost
 28907 | D:13     | Received a gift from Nemelex Xobeh
 29156 | D:13     | Found a gate to the Vaults.
 29295 | D:13     | Killed spaghetti's ghost
 29430 | D:13     | Identified the +6 long sword of Jitsolat {venom, Int+3
                  | Stlth+}
 29593 | D:14     | Found a runed translucent door.
 29618 | D:14     | Noticed Cecur's ghost (journeyman FoFi)
 29733 | D:14     | Reached skill level 10 in Unarmed Combat
 30069 | D:15     | Entered Level 15 of the Dungeon
 30115 | D:15     | Found a shimmering blue altar of Sif Muna.
 30346 | D:15     | Noticed Roxanne
 30774 | D:15     | Received a gift from Nemelex Xobeh
 30851 | D:15     | Found a staircase to the Depths.
 31692 | Snake:1  | Entered Level 1 of the Snake Pit
 31770 | Snake:1  | Noticed Agnes
 31783 | Snake:1  | Killed Agnes
 31784 | Snake:1  | Reached XP level 17. HP: 171/189 MP: 23/29
 31951 | Snake:1  | Reached skill level 1 in Shields
 32905 | Snake:1  | Received a gift from Nemelex Xobeh
 34154 | Snake:2  | Received a gift from Nemelex Xobeh
 34692 | Snake:2  | Found Ifrouz's Jewellery Shoppe.
 34693 | Snake:2  | Found Xynleh's Book Boutique.
 34693 | Snake:2  | Found Tanul's Book Boutique.
 34705 | Snake:2  | Bought a book of Touch for 494 gold pieces
 34904 | Snake:3  | Received a gift from Nemelex Xobeh
 35019 | Snake:3  | Found Gurimnus's Weapon Emporium.
 35020 | Snake:3  | Found Viacoke's Magic Scroll Emporium.
 35020 | Snake:3  | Found Wueruet's Antique Armour Shoppe.
 35057 | Snake:3  | Found Cecaus's Armour Shoppe.
 35062 | Snake:3  | Bought a scroll of enchant armour for 142 gold pieces
 35074 | Snake:3  | Bought a scroll of teleportation for 57 gold pieces
 35074 | Snake:3  | Bought a scroll of teleportation for 57 gold pieces
 35074 | Snake:3  | Bought a scroll of holy word for 142 gold pieces
 35074 | Snake:3  | Bought a scroll of summoning for 180 gold pieces
 35922 | Snake:4  | Entered Level 4 of the Snake Pit
 35925 | Snake:4  | Found a frozen archway.
 35930 | IceCv    | Entered an ice cave
 36378 | IceCv    | Received a gift from Nemelex Xobeh
 36540 | IceCv    | Found an ancient bone altar of Kikubaaqudgha.
 36599 | IceCv    | Got the Grimoire of the Frostbite
 36856 | IceCv    | Gained mutation: You have hidden genetic defects.
                  | [mutagenic glow]
 36869 | IceCv    | Gained mutation: Potions are less effective at restoring
                  | your health. [mutagenic glow]
 36872 | IceCv    | Noticed a lich
 36877 | IceCv    | Lost mutation: Potions are less effective at restoring your
                  | health. [potion of mutation]
 36877 | IceCv    | Lost mutation: You have hidden genetic defects. [potion of
                  | mutation]
 36877 | IceCv    | Gained mutation: Your flesh is cold resistant. (rC+)
                  | [potion of mutation]
 36884 | IceCv    | Killed a lich
 37353 | Snake:4  | Reached skill level 5 in Shields
 37415 | Snake:4  | Noticed Bisesk's ghost (adept GnMo)
 37421 | Snake:4  | Found a runed translucent gate.
 37421 | Snake:4  | Found a runed translucent gate.
 37421 | Snake:4  | Found a runed translucent gate.
 37466 | Snake:4  | Reached XP level 18. HP: 173/198 MP: 28/30
 39886 | Snake:4  | Got a serpentine rune of Zot
 40011 | Snake:4  | Received a gift from Nemelex Xobeh
 40326 | Orc:1    | Entered Level 1 of the Orcish Mines
 40518 | Orc:1    | Noticed Fannar
 40532 | Orc:1    | Killed Fannar
 41281 | Orc:2    | Entered Level 2 of the Orcish Mines
 41301 | Orc:2    | Received a gift from Nemelex Xobeh
 41696 | Orc:2    | Noticed Blork the orc
 41704 | Orc:2    | Noticed Blork
 41704 | Orc:2    | Blork the orc changed into Blork the jelly
 41707 | Orc:2    | Killed Blork the jelly
 41731 | Orc:2    | Found Oqi Ant's Antique Armour Emporium.
 41840 | Orc:2    | Found Sucevec's Jewellery Emporium.
 41892 | Orc:2    | Received a gift from Nemelex Xobeh
 42064 | Orc:2    | Found Muriot's Antique Weapon Emporium.
 42079 | Orc:2    | Found Weessafi's General Store.
 42086 | Orc:2    | Bought a potion of invisibility for 104 gold pieces
 42228 | Orc:2    | Found a staircase to the Elven Halls.
 42477 | Elf:1    | Entered Level 1 of the Elven Halls
 42779 | Elf:1    | Received a gift from Nemelex Xobeh
 43098 | Elf:1    | Found Leorgh's Book Emporium.
 43106 | Elf:1    | Bought a book of Blasting for 512 gold pieces
 43112 | Elf:1    | Learned a level 5 spell: Lee's Rapid Deconstruction
 43464 | Elf:2    | Reached XP level 19. HP: 206/206 MP: 26/31
 43608 | Elf:2    | Found Tynul's Jewellery Boutique.
 43635 | Elf:2    | Bought the amulet of the Four Winds {rN+ Will+++ Clar} for
                  | 482 gold pieces
 43635 | Elf:2    | Found the amulet of the Four Winds {rN+ Will+++ Clar}
 44459 | Elf:2    | Received a gift from Nemelex Xobeh
 44494 | Elf:2    | Paralysed by an air elemental for 1 turns
 44678 | Elf:2    | Found a huge runed translucent gate.
 44678 | Elf:2    | Found a huge runed translucent gate.
 44678 | Elf:2    | Found a huge runed translucent gate.
 44678 | Elf:2    | Found a huge runed translucent gate.
 44697 | Elf:2    | Found a huge runed translucent gate.
 44819 | Elf:3    | Entered Level 3 of the Elven Halls
 44867 | Elf:3    | Paralysed by an air elemental for 1 turns
 44879 | Elf:3    | Found a magical portal.
 44882 | Elf:3    | Found a runed translucent gate.
 44883 | Elf:3    | Found a runed translucent gate.
 44883 | Elf:3    | Found a runed translucent gate.
 44905 | WizLab   | Entered Borgnjor's Mausoleum
 44905 | WizLab   | Received a gift from Nemelex Xobeh
 45015 | WizLab   | Reached skill level 17 in Fighting
 45621 | Elf:3    | Found a radiant altar of Vehumet.
 46429 | Elf:3    | Noticed a Brimstone Fiend
 46694 | Elf:3    | Noticed a Tzitzimitl
 46713 | Elf:3    | Noticed a Brimstone Fiend
 46741 | Elf:3    | Identified the +1 glaive "Pynydeudo" {elec, rC+ Str+4}
 46745 | Elf:3    | Noticed a Hell Sentinel
 47288 | Elf:3    | Noticed an Ice Fiend
 47534 | Elf:3    | Identified the +7 halberd "Ifiq Qorr" {speed, Will+ Str+4}
 47547 | Elf:3    | Identified the +7 quarterstaff "Juntutz" {vorpal, Str+3
                  | Stlth+}
 47656 | Elf:3    | Identified the amulet "Fiodwymn" {RegenMP Regen+ Str+4}
 47714 | Elf:3    | Identified the +0 crystal plate armour "Lonnef" {Slay+3}
 47714 | Elf:3    | Identified the ring "Nedwoiwn" {Fire Contam Int+4}
 47987 | Elf:3    | Identified the +7 quarterstaff "Imoipn" {flame, rElec Str-5
                  | Int+4}
 48033 | Elf:3    | Found the +0 staff of Battle
 48040 | Elf:3    | Got Puaph's Incunabulum of the Birds and Summoning
 48045 | Elf:3    | Identified the -2 buckler "Tadirph" {rElec rPois Int+4}
 48050 | Elf:3    | Got Vec Vid's Grimoire of Greatest Risks and Utility
 48058 | Elf:3    | Identified the +4 plate armour of Avead {Will+ SInv}
 48073 | Elf:3    | Reached skill level 18 in Fighting
 48523 | Shoals:1 | Entered Level 1 of the Shoals
 48523 | Shoals:1 | Received a gift from Nemelex Xobeh
 48611 | Shoals:1 | Gained mutation: You are clumsy. (Dex -2) [mutagenic glow]
 49100 | Shoals:1 | Found Zitaik's General Store.
 49106 | Shoals:1 | Found Qimorr's Specific Store.
 49112 | Shoals:1 | Bought a scroll of blinking for 112 gold pieces
 49120 | Shoals:1 | Bought a potion of brilliance for 60 gold pieces
 49268 | Shoals:1 | Noticed Frances
 49285 | Shoals:1 | Killed Frances
 49286 | Shoals:1 | Reached XP level 20. HP: 216/222 MP: 32/32
 49911 | Shoals:1 | Received a gift from Nemelex Xobeh
 50083 | Shoals:2 | Noticed Mlioglotl
 50090 | Shoals:2 | Paralysed by accursed screaming for 2 turns
 50092 | Shoals:2 | Killed Mlioglotl
 50549 | Shoals:2 | Received a gift from Nemelex Xobeh
 50872 | Shoals:3 | Received a gift from Nemelex Xobeh
 50936 | Shoals:3 | Reached skill level 10 in Shields
 50985 | Shoals:3 | Received a gift from Nemelex Xobeh
 51891 | Shoals:4 | Entered Level 4 of the Shoals
 52946 | Shoals:3 | Learned a level 2 spell: Wereblood
 53719 | Shoals:4 | Reached skill level 15 in Unarmed Combat
 53775 | Shoals:4 | Reached skill level 19 in Fighting
 53818 | Shoals:4 | Received a gift from Nemelex Xobeh
 53910 | Shoals:4 | Found a runed translucent door.
 53911 | Shoals:4 | Noticed mandarbmax's ghost (adept DsVM)
 54188 | Shoals:4 | Killed mandarbmax's ghost
 54190 | Shoals:4 | Identified the amulet "Tyefiugh" {Faith Drain +Inv rElec
                  | rPois}
 54433 | Shoals:4 | Received a gift from Nemelex Xobeh
 54460 | Shoals:4 | Found a shimmering blue altar of Sif Muna.
 54932 | Shoals:4 | Got a barnacled rune of Zot
 54996 | Shoals:2 | Identified the +4 scale mail of Purpose {Slay+2}
 55199 | Vaults:1 | Entered Level 1 of the Vaults
 56130 | Vaults:1 | Received a gift from Nemelex Xobeh
 56289 | Vaults:1 | Found the +10 Black Knight's barding {ponderous, rPois rN+}
 56388 | Vaults:1 | Reached XP level 21. HP: 156/235 MP: 14/33
 56968 | Vaults:1 | Received a gift from Nemelex Xobeh
 57089 | Vaults:2 | Found a flickering gateway to a bazaar.
 57098 | Bazaar   | Entered a bazaar
 57102 | Bazaar   | Found Riaruekounn's Book Boutique.
 57124 | Bazaar   | Found Iczeocla's Antique Armour Emporium.
 57145 | Bazaar   | Found Pagun's Book Boutique.
 57165 | Bazaar   | Found Qutiytt's Antique Armour Shoppe.
 57207 | Bazaar   | Bought a brightly glowing cloak for 294 gold pieces
 57207 | Bazaar   | Identified the +0 cloak "Fonucruh" {rC+ Will- Str+3 SInv}
                  | (You bought it in a shop in a bazaar)
 57365 | Vaults:2 | Received a gift from Nemelex Xobeh
 57498 | Vaults:2 | Acquired 665 gold pieces
 57714 | Vaults:2 | Noticed Xtahua
 58007 | Snake:2  | Bought a ring of protection from fire for 425 gold pieces
 58293 | Vaults:2 | Killed Xtahua
 58569 | Vaults:2 | Received a gift from Nemelex Xobeh
 58570 | Vaults:2 | Noticed Sojobo
 58577 | Vaults:2 | Paralysed by an air elemental for 1 turns
 58582 | Vaults:2 | Killed Sojobo
 58598 | Vaults:2 | Reached skill level 20 in Fighting
 59288 | Vaults:2 | Received a gift from Nemelex Xobeh
 60122 | Vaults:3 | Found a staircase to the Crypt.
 60210 | Vaults:3 | Received a gift from Nemelex Xobeh
 60918 | Vaults:3 | Noticed a caustic shrike
 60918 | Vaults:3 | an iron dragon changed into a caustic shrike
 60924 | Vaults:3 | a caustic shrike changed into a great orb of eyes
 60930 | Vaults:3 | Reached skill level 15 in Invocations
 61925 | Vaults:4 | Reached XP level 22. HP: 247/247 MP: 21/34
 62413 | Vaults:4 | Received a gift from Nemelex Xobeh
 62929 | Vaults:4 | Found Keir's Armour Boutique.
 62947 | Vaults:4 | Bought the +0 cloak of Okawaru, Teaching {Fly rCorr Int+5
                  | Slay+2} for 457 gold pieces
 64505 | Depths:1 | Entered Level 1 of the Depths
 64671 | Crypt:1  | Entered Level 1 of the Crypt
 64681 | Crypt:1  | Noticed a dread lich
 64690 | Crypt:1  | Killed a dread lich
 64749 | Crypt:1  | Received a gift from Nemelex Xobeh
 65326 | Crypt:1  | Identified the +2 robe "Hoitut" {rCorr Str+5 Int-4
                  | Archmagi}
 65638 | Crypt:1  | Reached skill level 10 in Dodging
 66130 | Crypt:1  | Reached XP level 23. HP: 254/254 MP: 35/35
 66185 | Crypt:1  | Found a basalt altar of Yredelemnul.
 66783 | Crypt:2  | HP: 9/254 [something (5)]
 66784 | Crypt:2  | Slain by a shadow wraith

Illustrated notes

Levels and vault maps discovered:
D:1:      giann_wishing_wells, layout_basic, chequers_ecumenical_altar_simple
D:2:      layout_loops_ring
D:3:      layout_rooms, mainiacjoe_overflow_alcove_1, dk_noncrumbling_4
D:4:      cheibrodos_barr_body, layout_rooms, cheibrodos_gnoll_hut
D:5:      layout_basic, nicolae_ashenzari_panopticon, temple_hall,
          gammafunk_ghost_split, amcnicky_mini_pool_small
D:6:      layout_basic, mainiacjoe_overflow_small_starburst, serial_shops,
          nicolae_diamond_shop, shop_fountains, nicolae_inconvenience_store,
          uniq_maggie
D:7:      layout_rooms, zin_purify, uniq_menkaure
D:8:      gammafunk_indiana_jones, layout_cave_pools,
          grunt_temple_overflow_open,
          chequers_temple_overflow_statue_of_worship, serial_glass,
          glass_columns_a, glass_columns_a, glass_columns_c, glass_columns_b,
          palyth_stone_intersect, grunt_ministairs_8
D:9:      layout_long_grid, orc_0_dummy
D:10:     layout_roguey, dpeg_lair_monsters
D:11:     minmay_stone_box, layout_stronghold, ebering_ghost_inner_flame,
          hellmonk_bongcloud_opening, hangedman_decor_opposing
D:12:     layout_loops_ring, uniq_snorg, uniq_maurice, uniq_jorgrun
D:13:     layout_loops_ring, grunt_vaults_entry_tiered, special_room
          [special_room_orc], gammafunk_ghost_hydra_chop
D:14:     layout_rooms, hangedman_decor_slide_cut, ebering_ghost_reflecting_pool
D:15:     grunt_enter_depths_snipers, layout_basic, corexii_leaking_fountain,
          serial_park_tiny_pond, lemuel_blue_sif_altar, uniq_roxanne
Lair:1:   layout_gridlike, grunt_megastairs_3, lemuel_fruit_tree
Lair:2:   lemuel_ratsnest, layout_regular_city, dummy_snake_entry,
          infiniplex_staircase_pool_2, grunt_megastairs_5, serial_bayou_shore_b,
          uniq_amaemon
Lair:3:   layout_regular_city, nicolae_lair_lil_pond, uniq_urug
Lair:4:   layout_long_grid, shoals_dummy_entry, worms_lemuel,
          grunt_megastairs_2, serial_bayou_shore_b, uniq_nessos, uniq_josephine,
          uniq_nergalle, uniq_rupert, uniq_kirke
Lair:5:   nzn_winding_woodlands_cross [nzn_winding_woodlands_5x15_lazy_stream,
          nzn_winding_woodlands_5x15_split_checker,
          nzn_winding_woodlands_5x15_sidewinder,
          nzn_winding_woodlands_5x15_jagged,
          nzn_winding_woodlands_15x15_boxy_spiral], layout_loops_ring,
          slime_altar_1
Lair:6:   minmay_lair_end_enchanted_forest, layout_regular_city,
          serial_bayou_shore_b, grunt_megastairs_4
Shoals:1: layout_shoals, nicolae_shoals_lost_giant_pillars,
          nicolae_specific_store, nicolae_shoals_nymph_descending_staircase,
          uniq_frances
Shoals:2: layout_shoals, uniq_mlioglotl
Shoals:3: layout_shoals, uniq_ilsuiw
Shoals:4: shoals_end_simple, layout_shoals, gammafunk_ghost_grave,
          lemuel_altar_in_water
Snake:1:  layout_basic, special_room, uniq_agnes
Snake:2:  layout_misc_corridors, serial_bayou_shore_b, serial_bayou_shore_a,
          minmay_shop_grove, serial_bayou_shore_b
Snake:3:  layout_misc_corridors, minmay_shoptagon, grunt_megastairs_1
Snake:4:  johnstein_snake_rune_scales, layout_onion_interference,
          gammafunk_ghost_split, portal_ice_cave_entry_pillars_2,
          nicolae_snake_snake_lake
Orc:1:    lemuel_ogre_cave, layout_diamond_mine, basic_altar, uniq_fannar
Orc:2:    grunt_orc_cross, layout_caves, basic_altar
Elf:1:    layout_rooms, hangedman_elf_represent, minmay_shop_star
Elf:2:    elven_hall_of_blades_hangedman_alternative
          [nicolae_blade_little_rooms], layout_geoelf_diagonals, serial_shops,
          shop
Elf:3:    minmay_elf_hall_statues, layout_rooms,
          lightli_enter_wizlab_magi_temple, basic_altar, hangedman_elven_ridges,
          nicolae_elf_hall_of_bonks
Vaults:1: vaults_room_corners, grunt_vaults_hallway_short, v_misc_10, v_misc_17,
          nicolae_vaults_little_squares_2, ontoclasm_vaults_tryst,
          vaults_room_corners, vaults_room_pool, vaults_room_stairs_pillars,
          nicolae_vaults_little_squares_3, layout_vaults_omnicross
Vaults:2: hangedman_vaults_corner_blocks, v_rooms_1, nicolae_vaults_asterisk,
          v_misc_30, nicolae_vaults_mini_display_case, v_pattern_2,
          v_alt_pattern_6, layout_vaults_omnigrid, serial_shops,
          bzr_entry_water, uniq_sojobo, uniq_xtahua
Vaults:3: hangedman_vaults_locks, ontoclasm_vaults_misaligned,
          minmay_crypt_entry_simple_walls, ontoclasm_vaults_decontamination,
          vaults_mumra_minichess_inversion, vaults_mumra_hex,
          vaults_room_corners, nicolae_vaults_little_squares_2,
          vaults_room_grunt_arrival_checkpoint, ontoclasm_vaults_shout,
          vaults_dpeg_diagonal, layout_vaults_big_room
Vaults:4: vaults_room_pools, nicolae_vaults_network_s, vaults_room_door_ring,
          nicolae_vaults_little_squares_1, nicolae_vaults_branching_niches,
          v_misc_29, vaults_mumra_minichess, dpeg_vaults_monster_box,
          dpeg_vaults_monster_row, hangedman_vaults_maws, vaults_room_hallway,
          v_misc_23, vaults_room_grid, v_misc_13, layout_vaults_ring
Crypt:1:  layout_misc_corridors, st_stairs_8, hangedman_blasphemy
Crypt:2:  lemuel_vampire_tower, layout_gridlike
Depths:1: layout_cave_shapes, pf_hell_entry_tar_spiral,
          minmay_misc_feat_nine_boxes, lemuel_freeze_loot_1

Skill      XL: |  1  2  3  4  5  6  7  8  9 10 11 12 13 14 15 16 17 18 19 20 21 22 |
---------------+-------------------------------------------------------------------+-----
Transmutations | 2 4 6 8 10 11 12 13 14 | 14.5
Poison Magic   | 1 |  1.1
Fighting       | 2 3 4 5 7 9 10 13 14 15 16 18 19 20 | 20.0
Staves         | 1 2 3 4 5 7 9 |  9.0
Invocations    | 1 2 3 4 5 7 8 10 11 12 15 | 15.2
Earth Magic    | 1 4 5 8 10 11 12 13 | 13.2
Spellcasting   | 5 6 8 |  8.1
Ice Magic      | 3 |  3.8
Conjurations   | 5 6 8 |  8.0
Dodging        | 3 5 7 10 | 10.3
Unarmed Combat | 5 8 10 12 13 14 15 17 19 | 19.7
Shields        | 5 7 9 10 | 10.0

Action                   |  1- 3 |  4- 6 |  7- 9 | 10-12 | 13-15 | 16-18 | 19-21 | 22-24 || total
-------------------------+-------+-------+-------+-------+-------+-------+-------+-------++-------
Melee: Unarmed           |    20 |       |       |       |    19 |  1067 |  1077 |   520 ||  2703
       Kick              |     7 |     1 |       |     1 |       |       |       |       ||     9
       Falchion          |    35 |       |       |       |       |       |       |       ||    35
       Lajatang          |    49 |    61 |   105 |   286 |   737 |    82 |       |       ||  1320
       Headbutt          |     1 |     1 |       |     1 |       |       |       |       ||     3
       Punch             |       |       |       |       |     1 |    33 |       |       ||    34
 Cast: Beastly Appendage |    10 |     1 |       |     3 |       |     2 |     1 |       ||    17
       Frozen Ramparts   |       |       |       |    27 |    22 |     4 |     1 |       ||    54
       Petrify           |       |       |       |       |    23 |     3 |     1 |       ||    27
       Irradiate         |       |       |       |       |    29 |    45 |    64 |    15 ||   153
       Statue Form       |       |       |       |       |    41 |   108 |   109 |    27 ||   285
       Lee's Rapid Decon |       |       |       |       |       |       |     8 |       ||     8
       Wereblood         |       |       |       |       |       |       |     7 |     6 ||    13
Invok: Draw Destruction  |       |     3 |     8 |    23 |    31 |    24 |    25 |     1 ||   115
       Draw Summoning    |       |     1 |     2 |     3 |     3 |     5 |     5 |     1 ||    20
       Draw Escape       |       |       |       |     4 |     2 |       |     4 |     1 ||    11
       Deal Four         |       |       |       |       |     3 |     1 |     3 |       ||     7
       Stack Five        |       |       |       |       |       |     1 |       |       ||     1
 Abil: End Transformatio |       |       |       |       |     1 |     3 |       |     1 ||     5
Evoke: Wand              |       |       |       |     2 |       |     3 |       |       ||     5
  Use: Scroll            |     3 |     3 |     1 |     9 |     5 |    15 |    12 |     5 ||    53
       Potion            |       |       |       |       |     1 |     3 |     8 |     4 ||    16
 Stab: Petrified         |       |       |     1 |       |    36 |     5 |       |       ||    42
       Sleeping          |       |       |     3 |       |       |       |       |       ||     3
       Petrifying        |       |       |       |       |     4 |       |       |       ||     4
       Distracted        |       |       |       |       |       |     3 |     1 |       ||     4
Armor: Robe              |    39 |    21 |    15 |       |    24 |    11 |    12 |     6 ||   128
       Acid dragon scale |       |       |     3 |    81 |    11 |       |       |       ||    95
       Skin              |       |       |       |       |   582 |   786 |   872 |   350 ||  2590
Dodge: Dodged            |    53 |    31 |    57 |   190 |   961 |  1244 |   976 |   403 ||  3915
Block: Other             |       |     1 |    16 |       |       |       |       |       ||    17
       Kite shield       |       |       |       |       |       |   447 |   964 |   399 ||  1810
       Reflection        |       |       |       |       |       |    30 |    91 |    13 ||   134

Table legend: (Time is in decaauts)
 A = Elapsed time spent in this place.
 B = Non-inter-level travel time spent in this place.
 C = Inter-level travel time spent in this place.
 D = Time resting spent in this place.
 E = Time spent auto-exploring this place.
 F = Levels seen in this place.
 G = Mean time per level.
                   A        B        C        D        E       F      G
               +--------+--------+--------+--------+--------+-----+--------+
         Total |  74360 |  70849 |   3511 |   9310 |  49263 |  44 | 1690.0 |
       Dungeon |  23121 |  21662 |   1459 |   2822 |  15577 |  15 | 1541.4 |
          Lair |  11847 |  11127 |    720 |   1247 |   7988 |   6 | 1974.5 |
        Shoals |   7592 |   7375 |    217 |   1738 |   4317 |   4 | 1898.0 |
     Snake Pit |   8450 |   7987 |    463 |   1329 |   5417 |   4 | 2112.5 |
  Orcish Mines |   2493 |   2370 |    123 |    168 |   1536 |   2 | 1246.5 |
   Elven Halls |   6696 |   6529 |    167 |    771 |   4596 |   3 | 2232.0 |
        Vaults |   9799 |   9469 |    330 |    466 |   7398 |   4 | 2449.8 |
         Crypt |   2418 |   2392 |     26 |    298 |   1551 |   2 | 1209.0 |
        Depths |      4 |      4 |      0 |      0 |      0 |   1 |    4.0 |
        Bazaar |    163 |    163 |      0 |      0 |     85 |   1 |  163.0 |
      Ice Cave |   1607 |   1607 |      0 |    468 |    718 |   1 | 1607.0 |
        Wizlab |    163 |    163 |      0 |      0 |     77 |   1 |  163.0 |
               +--------+--------+--------+--------+--------+-----+--------+

Top non-repeatable levels by time:
   Elf:3: 3555 daAuts
    D:13: 3119 daAuts
Vaults:4: 2820 daAuts
Shoals:3: 2802 daAuts
    D:11: 2785 daAuts
  Lair:6: 2757 daAuts
 Snake:1: 2632 daAuts
 Snake:3: 2551 daAuts
Vaults:2: 2476 daAuts
     D:9: 2474 daAuts
Vaults:3: 2396 daAuts
 Crypt:1: 2211 daAuts
Shoals:4: 2146 daAuts
Vaults:1: 2105 daAuts
  Lair:3: 2098 daAuts
